 Dungeon Crawl Stone Soup version 0.27.1-35-g4d5d836560 (webtiles) character file.

Game seed: 16627473193408922005

43 Delamore the Sneak (level 3, 0/24 HPs)
             Began as an Octopode Brigand on Apr 18, 2022.
             Slain by an adder (1 damage)
             ... on level 2 of the Dungeon.
             The game lasted 00:01:19 (1090 turns).

Delamore the Sneak (Octopode Brigand)               Turns: 1090, Time: 00:01:20

Health: 0/24       AC:  1    Str: 10    XL:     3   Next: 58%
Magic:  3/3        EV: 12    Int: 16    God:
Gold:   63         SH:  0    Dex: 14    Spells: 2/2 levels left

rFire    . . .     SeeInvis +   e - +2 hand axe (freeze)
rCold    . . .     Faith    .   (no shield)
rNeg     . . .     Spirit   .   d - +0 hat {Int+3}
rPois    .         Reflect  .   (no amulet)
rElec    .         Harm     .   g - ring of see invisible
rCorr    .         Rampage  .   (no ring)
Will     .....                  (no ring)
Stlth    ++++......             (no ring)
HPRegen  0.08/turn              (no ring)
MPRegen  0.08/turn              (no ring)
                                (no ring)
                                (no ring)

@: flying
A: almost no armour, amphibious, 8 rings, camouflage 1, gelatinous body 1,
(nimble swimmer 1), tentacles
a: no special abilities


You were on level 2 of the Dungeon.
You visited 1 branch of the dungeon, and saw 2 of its levels.

You collected 63 gold pieces.

Inventory:

Hand Weapons
 a - a +2 dagger
 e - a +2 hand axe of freezing (weapon)
Missiles
 b - 25 poisoned darts (quivered)
 c - 2 curare-tipped darts
Armour
 d - a +0 hat of intelligence (worn)
Jewellery
 g - a ring of see invisible (left tentacle)
Scrolls
 f - a scroll of immolation {unknown}
 i - a scroll of identify {unknown}


   Skills:
 - Level 2.0 Fighting
 * Level 3.3 Short Blades
 - Level 2.0 Throwing
 - Level 1.0 Dodging
 + Level 6.0 Stealth


You had 2 spell levels left.
You didn't know any spells.
Your spell library contained the following spells:

 Spells                   Type           Power      Damage    Failure   Level
 Conjure Flame            Conj/Fire      0%         6-21      58%         3
 Ignite Poison            Fire/Tmut/Pois 0%         N/A       58%         3
 Sticky Flame             Conj/Fire      0%         2d3       94%         4


Dungeon Overview and Level Annotations

Branches:
Dungeon (2/15)

Altars:

Shops:
D:1 *


Innate Abilities, Weirdness & Mutations

You cannot wear most types of armour.
You are amphibious.
You can wear up to eight rings at the same time.
Your skin changes colour to match your surroundings (Stealth+).
Your rubbery body absorbs attacks. (AC +1, EV +1)
((You are camouflaged near water. (Stealth+)))
You have tentacles for arms and can constrict up to eight enemies at once.


Message History

The bat closely misses you.
A giant cockroach comes into view.
The bat hits you but does no damage. x2; The bat misses you.
Things that are here:
a +0 dagger; 7 gold pieces You barely miss the bat.
The jackal barks!
Your grab misses the bat. The bat hits you. The bat closely misses you.
You miss the bat. You grab the bat. You constrict the bat.
The bat closely misses you. The bat barely misses you.
You hit the bat but do no damage.
The bat is moderately wounded.
You constrict the bat. The bat hits you but does no damage.
The bat barely misses you. The bat hits you.
You hit the bat. You freeze the bat.
You kill the bat!
The adder bites you.
You are poisoned.
The adder poisons you!
Your Stealth skill increases to level 6!
You are too injured to fight recklessly!
You are too injured to fight recklessly!
There are monsters nearby!
You are too injured to fight recklessly!
You feel sick.
You feel sick. The adder bites you.
* * * LOW HITPOINT WARNING * * *
* * * LOW HITPOINT WARNING * * *
You feel sick.
It was a potion of flight.
You feel very buoyant.
You fly up into the air.
* * * LOW HITPOINT WARNING * * *
You feel sick.
You are no longer poisoned.
The adder closely misses you.
Okay, then.
The jackal barely misses you. The adder bites you.
You die...

....#. .# ##... .. #:.
###... .. ... #(.... .##.##
#....# .#...#. #..#.# .r..
... #†...###K# ..#
###.##g.rB.##.##.
####..<@Sh.#........
#>..)####......#.#.. .
##.#### #..[.#.# # #.#
###..# ####..(###...#
#######...## ###.....##
#.......###
#########..#..... ..#######
###.......†....####
.############...############
..............###


You could see an adder, a jackal, a giant cockroach, a hobgoblin, a kobold and a
rat.

Vanquished Creatures
  An adder (D:2)
  4 bats
  6 endoplasms
  2 giant cockroaches (D:1)
  3 goblins
  A hobgoblin (D:2)
  3 quokkas (D:1)
  3 ball pythons (D:1)
  2 frilled lizards
  2 kobolds
  2 rats
29 creatures vanquished.

Notes
Turn   | Place    | Note
-------+----------+-------------------------------------------
     0 | D:1      | Delamore the Octopode Brigand began the quest for the Orb.
     0 | D:1      | Reached XP level 1. HP: 14/14 MP: 1/1
   177 | D:1      | Found Muostruv's Assorted Antiques.
   306 | D:1      | Reached XP level 2. HP: 19/19 MP: 2/2
   917 | D:2      | Reached XP level 3. HP: 23/24 MP: 3/3
  1085 | D:2      | Reached skill level 6 in Stealth
  1088 | D:2      | HP: 1/24 [poisoned by an adder]
  1090 | D:2      | Slain by an adder

Illustrated notes

Levels and vault maps discovered:
D:1:      amcnicky_arrival_blooded_trapdoor, layout_basic, serial_shops,
          nicolae_shop_trees, serial_rivers, chequers_serial_rivers_micro_c,
          chequers_serial_rivers_small_a, chequers_serial_rivers_marsh,
          chequers_serial_rivers_small_b, chequers_serial_rivers_large_b
D:2:      layout_rooms, minmay_fractal_squares_5, uniq_robin

Skill      XL: |  1  2  3 |
---------------+----------+-----
Short Blades   | 3 |  3.3
Stealth        | 6 |  6.0
Fighting       | |  2.0
Throwing       | |  2.0
Dodging        | |  1.0

Action                   || total
-------------------------++-------
Melee: Hand axe          ||    50
       Constrict         ||    12
       Dagger            ||     2
       Tentacles         ||     2
  Use: Potion            ||     1
 Stab: Sleeping          ||     9
Armor: Skin              ||    10
Dodge: Dodged            ||    35
